 Dungeon Crawl Stone Soup version 0.01-2115-ge649c80b0b (webtiles) character file.

Game seed: 15619990663124973617, levelgen mode: deterministic

4 pasperui the Charmwright (level 1, 0/12 HPs) Lignifite Skald. Began on June 10, 2020. Slain by a bat (1 damage) ... on level 1 of the Dungeon. The game lasted 00:00:30 (76 turns).

pasperui the Charmwright (Lignifite Skald)            Turns: 76, Time: 00:00:31

Health: 0/12       AC:  1    Str: 16    XL:     1 ^: 6
Magic:  3/4        EV: 16    Int: 14    God:
Gold:   10         SH:  1    Dex:  7    Spells: 3/4 levels left

rFire    x . .     Vision   .   a - +0 mace
rCold    . . .     Gourm    .   (weapon restricted)
rNeg     . . .     Faith    .   b - +0 robe
rPois    +         Spirit   .   (helmet restricted)
rElec    .         Reflect  .   (no cloak)
rCorr    .         Harm     .   (gloves unavailable)
MR       .....                  (boots unavailable)
Stlth    +.........             (no amulet)
HPRegen  0.14/turn              (no ring)
MPRegen  0.14/turn              (no ring)

@: infused, quick
A: very small, rF-, deformed body, speed 1, poison resistance, slow metabolism
1, torment resistance, plant, rot immunity
a: no special abilities


You were on level 1 of the Dungeon.
You were not hungry.

You visited 1 branch of the dungeon, and saw 1 of its levels.

You collected 10 gold pieces.

Inventory:

Weapons
 a - a +0 mace (weapon)
Armour
 b - a +0 robe (worn)
Scrolls
 c - a scroll of blinking
Comestibles
 d - a ration
 f - 3 chunks of flesh


   Skills:
 - Level 2.0 Fighting
 * Level 2.6 Maces & Staves
 - Level 2.1 Dodging
 - Level 2.1 Spellcasting
 - Level 2.6 Charms


You had 3 spell levels left.
You knew the following spells:

 Your Spells              Type           Power        Failure   Level  Hunger
a - Infusion              Chrm           9 (25)       8%          1    #......

Your spell library contained the following spells:

 Spells                   Type           Power        Failure   Level  Hunger
 Song of Slaying          Chrm           9 (100)      12%         2    ###....
 Shroud of Golubria       Chrm/Tloc      5 (200)      21%         2    ###....
 Regeneration             Chrm/Necr      5 (200)      38%         3    ###....
 Spectral Weapon          Chrm/Summ      5 (100)      38%         3    ###....


Dungeon Overview and Level Annotations

Branches:
Dungeon (1/8)

Altars:


Innate Abilities, Weirdness & Mutations

Your woody flesh burns easily. (rF-)
A tangle of shorter branches protects your body from attack. (+1 SH)
You are very small and have problems with some larger weapons.
You are too small for most types of armour.
Armour fits poorly on your strangely shaped body.
You cover ground quickly.
Your system is resistant to poisons. (rPois)
You have a slow metabolism.
You are immune to unholy pain and torment.
You require very little carbon dioxide to survive.
You are immune to rotting.


Message History

The bat closely misses you (0). The goblin misses you (0).
You hit the goblin (1).
The goblin is moderately wounded. (2/3) HP You hit the goblin (1).
The goblin is severely wounded. (1/3) HP The bat misses you (0).
The goblin hits you with a +0 club (6).
Ouch! That really hurt!
* * * LOW HITPOINT WARNING * * *
The bat hits you but does no damage. The bat barely misses you (0).
You see here a cursed amulet of reduced vision {(Curse: *Slow rC-)}.
The bat closely misses you (0). The bat barely misses you (0).
The bat hits you (1).
* * * LOW HITPOINT WARNING * * *
The bat barely misses you (0).
Casting: Infusion (safe; 8% risk of failure)
Confirm with . or Enter, or press ? or * to list all spells.
You begin infusing your attacks with magical energy.
The bat hits you (1).
You die...

#.....>....# #......$...#
#..........# ########
#......"...# #.......
##........## ###.#####≈
##......## ##...####♣.
#########.g## #.. #.♣##.#
#.......##b# #.# #......
#.......##@# #.#♣#......
#........#.## #.#♣♣..####
######......#####..≈#..#...
##....†).##..#....#...
###......#..♣.#..#...
###..#....♣#...#...
##..#....♣♣..#...
#..#...##♣..###+ ##.#...#
≈...


You could see a goblin and a bat.

Vanquished Creatures
  2 goblins (D:1)
  A kobold (D:1)
  A rat (D:1)
4 creatures vanquished.

Notes
Turn   | Place    | Note
-------+----------+-------------------------------------------
     0 | D:1      | pasperui the Lignifite Skald began the quest for the Orb.
     0 | D:1      | Reached XP level 1. HP: 12/12 MP: 4/4
    76 | D:1      | Slain by a bat

Levels and vault maps discovered:
D:1:      saegor_arrival_under_anarchy, layout_rooms

Action                   || total
-------------------------++-------
Melee: Mace              ||    11
       Unarmed           ||     7
 Cast: Infusion          ||     1
Armor: Robe              ||     1
Dodge: Dodged            ||    15
